 Dungeon Crawl Stone Soup version 0.25.1-2-g60ff931df9 (webtiles) character file.

Game seed: 12065255409815674107

253 ew1980 the Changer (level 6, -2/40 HPs)
             Began as an Octopode Transmuter on Nov 18, 2020.
             Slain by a slave (9 damage)
             ... led by Pikel
             ... on level 4 of the Dungeon.
             The game lasted 00:08:27 (4754 turns).

ew1980 the Changer (Octopode Transmuter)            Turns: 4754, Time: 00:08:28

Health: -2/40      AC:  1    Str:  9    XL:     6   Next: 14%
Magic:  10/10      EV: 14    Int: 15    God:
Gold:   118        SH:  0    Dex: 15    Spells: 4/10 levels left

rFire    . . .     SeeInvis .     - Unarmed
rCold    . . .     Gourm    .   (no shield)
rNeg     . . .     Faith    .   (helmet restricted)
rPois    .         Spirit   .   (no amulet)
rElec    .         Reflect  .   (no ring)
rCorr    .         Harm     .   (no ring)
MR       .....                  (no ring)
Stlth    ++........             (no ring)
HPRegen  0.13/turn              (no ring)
MPRegen  0.12/turn              (no ring)
                                (no ring)
                                (no ring)

@: no status effects
A: almost no armour, stealthy swim, amphibious, 8 rings, constrict 8, camouflage
1, gelatinous body 1
a: no special abilities


You were on level 4 of the Dungeon.
You were hungry.

You visited 1 branch of the dungeon, and saw 4 of its levels.

You collected 118 gold pieces.

Inventory:

Missiles
 a - 3 arrows
 l - 33 poisoned darts (quivered)
Scrolls
 e - a scroll of remove curse
 f - a scroll of amnesia
 g - 2 scrolls of magic mapping
Potions
 b - a potion of curing {unknown}
 d - 2 potions of magic
 h - a potion of haste {unknown}
 i - 3 potions of heal wounds
 o - a potion of cancellation {unknown}
 q - a potion of lignification {unknown}
Comestibles
 c - 3 rations


   Skills:
 + Level 2.3 Fighting
 + Level 3.0 Dodging
 + Level 3.8 Unarmed Combat
 + Level 2.9 Spellcasting
 * Level 4.0 Transmutations


You had 4 spell levels left.
You knew the following spells:

 Your Spells              Type           Power        Failure   Level  Hunger
a - Beastly Appendage     Tmut           ##....       3%          1    #......
b - Sticks to Snakes      Tmut           ##......     6%          2    ##.....
c - Spider Form           Tmut/Pois      #.........   26%         3    ###....

Your spell library contained the following spells:

 Spells                   Type           Power        Failure   Level  Hunger
 Ice Form                 Ice/Tmut       #.......     65%         4    #####..
 Blade Hands              Tmut           ##........   71%         5    ######.


Dungeon Overview and Level Annotations

Branches:
Dungeon (4/15)
 Temple: D:4-7

Altars:
Dithmenos
Nemelex Xobeh

Annotations:
D:4 Pikel


Innate Abilities, Weirdness & Mutations

You cannot wear most types of armour.
You are very stealthy in the water. (Stealth+)
You are amphibious.
You can wear up to eight rings at the same time.
You can use your tentacles to constrict eight enemies at once.
Your skin changes colour to match your surroundings (Stealth+).
Your rubbery body absorbs attacks. (AC +1, EV +1)


Message History

Your ball python barely misses the slave.
Your ball python misses the slave.
The worker ant bites you but does no damage.
Unknown command.
You tentacle-slap the worker ant.
You kill the worker ant!
Your Transmutations skill increases to level 4!
Your ball python bites the slave but does no damage.
Your ball python grabs the slave.
Your ball python constricts the slave.
Your ball python bites the slave but does no damage.
Your ball python constricts the slave.
The slave struggles to escape constriction.
Your ball python bites the slave but does no damage.
Your ball python constricts the slave.
The slave struggles to escape constriction.
Your ball python barely misses the slave.
Your ball python constricts the slave.
Your ball python loses its grip on something.
The slave hits you!
You die...

# ♣♣≈P♣ #..#
##.♣♣.♣♣ ##.##
#.....####p.#
..##.......##
....###p########
# .. #.#####..#
##.#.......##
#.....####.#
#......###@#
.....##.#...p.#
#####
#)#.....###
#.........#
###.......#
.......>..#
####.......#
#.......#
..........#


You could see a slave.

Vanquished Creatures
  A slave (D:3)
  Jessica (D:3)
  2 worker ants (D:4)
  7 gnolls (D:3)
  An adder (D:3)
  An ooze (D:3)
  2 leopard geckos
  10 bats
  2 giant cockroaches
  10 goblins
  10 hobgoblins
  14 jackals (D:2)
  12 kobolds
  6 quokkas
  2 ball pythons
  2 frilled lizards
  9 rats
92 creatures vanquished.

Vanquished Creatures (collateral kills)
  A gnoll (D:3)
  A bat (D:3)
2 creatures vanquished.

Grand Total: 94 creatures vanquished

Notes
Turn   | Place    | Note
-------+----------+-------------------------------------------
     0 | D:1      | ew1980 the Octopode Transmuter began the quest for the Orb.
     0 | D:1      | Reached XP level 1. HP: 13/13 MP: 3/3
   147 | D:1      | Reached XP level 2. HP: 18/18 MP: 5/5
   157 | D:1      | Learned a level 2 spell: Sticks to Snakes
   963 | D:1      | Reached XP level 3. HP: 15/23 MP: 6/6
   999 | D:1      | Learned a level 3 spell: Spider Form
  1214 | D:1      | Found a sparkling altar of Nemelex Xobeh.
  2220 | D:2      | Reached XP level 4. HP: 28/28 MP: 5/7
  2222 | D:2      | Reached skill level 3 in Transmutations
  2341 | D:2      | Found a faded altar of an unknown god.
  3028 | D:3      | Noticed Jessica
  3036 | D:3      | Killed Jessica
  3120 | D:3      | Reached XP level 5. HP: 22/34 MP: 8/8
  4223 | D:3      | Found a shadowy altar of Dithmenos.
  4372 | D:4      | Reached XP level 6. HP: 39/39 MP: 10/10
  4442 | D:4      | Noticed a slave
  4442 | D:4      | Noticed a slave
  4443 | D:4      | Noticed Pikel
  4443 | D:4      | Noticed a slave
  4443 | D:4      | Noticed a slave
  4473 | D:3      | Killed a slave
  4732 | D:4      | Reached skill level 4 in Transmutations
  4754 | D:4      | Slain by a slave

Illustrated notes

Levels and vault maps discovered:
D:1:      erik_arrival_orb_chamber, layout_basic, nemelex_diamond_rough_becter
D:2:      layout_basic, chequers_ecumenical_altar_twisty
D:3:      layout_rooms, kennysheep_pointless_box,
          nicolae_dithmenos_through_a_glass_darkly, uniq_jessica
D:4:      layout_rooms, marbit_many_paths, first_ration,
          kennysheep_small_spiral, serial_bayou_crossing, uniq_pikel

Skill      XL: |  1  2  3  4  5  6 |
---------------+-------------------+-----
Transmutations | 3 4 |  4.0
Fighting       | 2 |  2.3
Dodging        | 3 |  3.0
Unarmed Combat | |  3.8
Spellcasting   | |  2.9

Action                   |  1- 3 |  4- 6 || total
-------------------------+-------+-------++-------
Melee: Unarmed           |   111 |   137 ||   248
       Constrict         |    33 |    37 ||    70
       Tentacles         |    17 |    26 ||    43
       Kick              |       |     2 ||     2
       Punch             |       |     2 ||     2
Throw: Dart              |       |     8 ||     8
 Cast: Beastly Appendage |     2 |       ||     2
       Sticks to Snakes  |       |     9 ||     9
  Use: Scroll            |       |     8 ||     8
 Stab: Sleeping          |     8 |     1 ||     9
       Distracted        |       |     1 ||     1
  Eat: Chunk             |     4 |     8 ||    12
Armor: Skin              |    14 |    14 ||    28
Dodge: Dodged            |    68 |   102 ||   170
